 Seeded DCSS version 0.25.1-2-g60ff931df9 (webtiles) character file.

Game seed: 11578054714255510555 (custom seed)

1830587 sahdkjhfkaj the Conqueror (level 27, 402/402 HPs)
             Began as a Gargoyle Venom Mage on Nov 20, 2020.
             Was the Champion of Vehumet.
             Escaped with the Orb
             ... and 4 runes on Nov 24, 2020!
             The game lasted 03:48:10 (121530 turns).

sahdkjhfkaj the Conqueror (Gargoyle Venom Mage)   Turns: 121530, Time: 03:48:10

Health: 402/402    AC: 16    Str: 29    XL:     27
Magic:  40/47      EV: 12    Int: 39    God:    Vehumet [******]
Gold:   8118       SH:  0    Dex: 15    Spells: 6/67 levels left

rFire    + + +     SeeInvis +   (weapon currently unavailable)
rCold    . . .     Gourm    .   (shield currently unavailable)
rNeg     + . .     Faith    .   (armour currently unavailable)
rPois    ∞         Spirit   .   (helmet currently unavailable)
rElec    +         Reflect  .   (cloak currently unavailable)
rCorr    +         Harm     .   (gloves currently unavailable)
MR       ++...                  (boots currently unavailable)
Stlth    ..........             s - amulet "Qaunluor" {Acrobat Int+7 SInv}
HPRegen  0.77/turn              B - ring "Ybbonui" {rF++ Int+6}
MPRegen  0.30/turn              k - ring "Feis" {*Drain Int+6 Dex+5}

@: mighty, brilliant, berserking, dragon-form, resistant, stab, flying, very
slightly contaminated, hasted, very quick
A: giant, blurry vision 1, dopey 1, frail 1, mutation resistance 1, negative
energy resistance 1, petrification resistance, rot immunity, AC +20
0: Orb of Zot
}: 4/15 runes: serpentine, barnacled, slimy, silver
a: End Transformation, Renounce Religion, Breathe Fire


You escaped.
You worshipped Vehumet.
Vehumet was exalted by your worship.
You were not hungry.
You were a fearsome dragon!
You visited 12 branches of the dungeon, and saw 56 of its levels.
You visited 1 bazaar.
You also visited: Bailey, Gauntlet and Ice Cave.

You collected 8703 gold pieces.
You spent 585 gold pieces at shops.

Inventory:

Hand Weapons
 a - the +10 morningstar "Eos" (melded) {elec, Halo rElec}
   (You found it on level 5 of the Pits of Slime)

   Occasionally, upon striking a foe, it will discharge some electrical energy
   and cause terrible harm.
   It insulates you from electricity.
Missiles
 w - 5 throwing nets (quivered) {!f}
 O - 1920 arrows
Armour
 L - the +1 cloak of the Known World (melded) {rPois Dex+5}
   (You found it on level 2 of the Depths)

   It affects your dexterity (+5).
   It protects you from poison.
 P - a +8 tower shield of reflection (melded)
 U - the -2 hat of the Alchemist (melded) {rElec rPois rF+ rC+ rN+ MR+ rMut rCorr}
   (You found it in a Gauntlet)

   It protects you from fire.
   It protects you from cold.
   It insulates you from electricity.
   It protects you from poison.
   It protects you from negative energy.
   It affects your resistance to hostile enchantments.
   It provides partial protection from all sources of acid and corrosion.
   It protects you from mutation.
 V - a +0 pair of boots (melded)
 X - the +2 pair of gloves "Ynuososi" (melded) {MR+ Str+4}
   (You found it on level 2 of the Lair of Beasts)

   It affects your strength (+4).
   It affects your resistance to hostile enchantments.
 Y - a +2 robe of the Archmagi (melded)
Magical Staves
 b - an uncursed staff of conjuration
Jewellery
 k - the ring "Feis" (right foreclaw) {*Drain Int+6 Dex+5}
   (You found it on level 15 of the Dungeon)

   [ring of intelligence]

   It affects your intelligence (+6).
   It affects your dexterity (+5).
   It causes draining when unequipped.
 s - the amulet "Qaunluor" (around neck) {Acrobat Int+7 SInv}
   (You found it on level 2 of the Vaults)

   [amulet of the acrobat]

   It helps you evade while moving and waiting.
   It affects your intelligence (+7).
   It lets you see invisible.
 B - the ring "Ybbonui" (left foreclaw) {rF++ Int+6}
   (You took it off a vault sentinel on level 5 of the Vaults)

   [ring of intelligence]

   It affects your intelligence (+6).
   It greatly protects you from fire.
Wands
 e - a wand of iceblast (30)
 q - a wand of polymorph (37)
 x - a wand of paralysis (8)
 y - a wand of disintegration (18)
 I - a wand of enslavement (13)
 M - a wand of digging (39)
 Q - a wand of flame (17)
 S - a wand of clouds (4)
 Z - a wand of acid (21)
Scrolls
 g - 7 scrolls of enchant armour
 m - 21 scrolls of remove curse
 n - 2 scrolls of amnesia
 r - 8 scrolls of fog
 v - 11 scrolls of teleportation
 z - 3 scrolls of silence
 A - 5 scrolls of vulnerability
 C - 33 scrolls of identify
 J - 6 scrolls of torment
 K - 4 scrolls of holy word
 N - 7 scrolls of fear
 R - 2 scrolls of enchant weapon
 T - 4 scrolls of blinking
 W - 9 scrolls of immolation
Potions
 f - 4 potions of magic
 h - 2 potions of haste
 i - 3 potions of might
 j - 3 potions of mutation
 l - 10 potions of lignification
 p - 15 potions of curing
 t - 2 potions of heal wounds
 u - 6 potions of stabbing
 D - 5 potions of brilliance
 F - 3 potions of resistance
 G - 5 potions of cancellation
 H - 2 potions of berserk rage
Miscellaneous
 d - 5 boxes of beasts
Comestibles
 c - 49 rations


   Skills:
 O Level 27 Fighting
 - Level 12.0 Maces & Flails
 - Level 10.5 Armour
 - Level 12.0 Dodging
 - Level 2.1 Stealth
 - Level 25.0 Shields
 + Level 20.7 Spellcasting
 - Level 12.0 Conjurations
 - Level 5.0 Necromancy
 - Level 5.0 Translocations
 - Level 10.0 Transmutations
 - Level 8.0 Fire Magic
   Level 9.2 Ice Magic
 - Level 12.0 Air Magic
 - Level 9.0 Earth Magic
 - Level 10.0 Poison Magic
 - Level 8.7 Evocations


You had 6 spell levels left.
You knew the following spells:

 Your Spells              Type           Power        Failure   Level  Hunger
a - Iron Shot             Conj/Erth      ########..   1%          6    None
b - Borgnjor's Vile Clut  Necr/Erth      #######...   1%          5    None
c - Spellforged Servitor  Conj/Summ      #######...   12%         7    None
d - Lee's Rapid Deconstr  Erth           ########..   1%          5    None
e - Orb of Destruction    Conj           ########..   1%          7    None
A - Chain Lightning       Conj/Air       ########..   9%          8    None
B - Blink                 Tloc           N/A          1%          2    None
D - Dragon Form           Tmut           ########..   9%          7    None
Q - Passage of Golubria   Tloc           N/A          1%          4    None
R - Irradiate             Conj/Tmut      ########..   1%          5    None
T - Sticks to Snakes      Tmut           ########     0%          2    None
X - Ignite Poison         Fire/Tmut/Pois ########     1%          3    None

Your spell library contained the following spells:

 Spells                   Type           Power        Failure   Level  Hunger
 Fire Storm               Conj/Fire      ########..   92%         9    None
 Beastly Appendage        Tmut           ######       0%          1    None
 Foxfire                  Conj/Fire      ####         0%          1    None
 Magic Dart               Conj           ####         0%          1    None
 Sting                    Tmut/Pois      ####         0%          1    None
 Poisonous Vapours        Pois/Air       ######       0%          2    None
 Searing Ray              Conj           ######       0%          2    None
 Mephitic Cloud           Conj/Pois/Air  ########     0%          3    None
 Static Discharge         Conj/Air       ########     0%          3    None
 Animate Skeleton         Necr           N/A          1%          1    None
 Apportation              Tloc           ######       1%          1    None
 Corona                   Hex            ######.      1%          1    None
 Infusion                 Chrm           ####         1%          1    None
 Summon Butterflies       Summ           ######..     1%          1    None
 Summon Small Mammal      Summ           ####         1%          1    None
 Call Imp                 Summ           ######..     1%          2    None
 Corpse Rot               Necr/Air       N/A          1%          2    None
 Passwall                 Tmut/Erth      ########     1%          2    None
 Slow                     Hex            ######..     1%          2    None
 Swiftness                Chrm/Air       #######.     1%          2    None
 Call Canine Familiar     Summ           ######..     1%          3    None
 Confusing Touch          Hex            ######..     1%          3    None
 Conjure Flame            Conj/Fire      ########     1%          3    None
 Dazzling Flash           Conj/Hex       ######       1%          3    None
 Gell's Gravitas          Tloc           #######...   1%          3    None
 Inner Flame              Hex/Fire       #######.     1%          3    None
 Lesser Beckoning         Tloc           #######...   1%          3    None
 Ozocubu's Armour         Chrm/Ice       #######.     1%          3    None
 Recall                   Summ/Tloc      N/A          1%          3    None
 Spider Form              Tmut/Pois      ########..   1%          3    None
 Stone Arrow              Conj/Erth      ######       1%          3    None
 Summon Guardian Golem    Hex/Summ       ######..     1%          3    None
 Tukima's Dance           Hex            ######..     1%          3    None
 Animate Dead             Necr           N/A          1%          4    None
 Fulminant Prism          Conj/Hex       #######...   1%          4    None
 Ice Form                 Ice/Tmut       ########     1%          4    None
 Iskenderun's Mystic Bla  Conj/Tloc      ########     1%          4    None
 Leda's Liquefaction      Hex/Erth       #######...   1%          4    None
 Olgreb's Toxic Radiance  Pois           ########     1%          4    None
 Petrify                  Tmut/Erth      ########     1%          4    None
 Sticky Flame             Conj/Fire      ########     1%          4    None
 Summon Ice Beast         Ice/Summ       #######.     1%          4    None
 Summon Lightning Spire   Summ/Air       #######.     1%          4    None
 Alistair's Intoxication  Tmut/Pois      ########     1%          5    None
 Blade Hands              Tmut           ########..   1%          5    None
 Bolt of Magma            Conj/Fire/Erth ########..   1%          5    None
 Fireball                 Conj/Fire      ########..   1%          5    None
 Iskenderun's Battlesphe  Conj/Chrm      #######.     1%          5    None
 Lightning Bolt           Conj/Air       ########..   1%          5    None
 Yara's Violent Unravell  Hex/Tmut       #######...   1%          5    None
 Eringya's Noxious Bog    Tmut/Pois      ########..   1%          6    None
 Freezing Cloud           Conj/Ice/Air   ########..   1%          6    None
 Hydra Form               Tmut           ########..   1%          6    None
 Ozocubu's Refrigeration  Ice            ########..   1%          6    None
 Starburst                Conj/Fire      ########..   1%          6    None
 Metabolic Englaciation   Hex/Ice        #######...   2%          5    None
 Simulacrum               Ice/Necr       #######...   5%          6    None
 Cause Fear               Hex            ######....   6%          4    None
 Summon Forest            Summ/Tloc      ######....   6%          5    None
 Death Channel            Necr           #######...   12%         6    None
 Darkness                 Hex            ######....   67%         6    None
 Invisibility             Hex            ######..     67%         6    None
 Ignition                 Fire           ########..   36%         8    None
 Ring of Flames           Chrm/Fire      #######...   71%         7    None
 Tornado                  Air            ########..   71%         9    None
 Haunt                    Necr/Summ      ######....   88%         7    None
 Necromutation            Tmut/Necr      #######...   88%         8    None
 Shatter                  Erth           ########..   97%         9    None
 Summon Hydra             Summ           ######....   99%         7    None
 Borgnjor's Revivificati  Necr           #######...   99%         8    None
 Infestation              Necr           #######...   99%         8    None
 Death's Door             Chrm/Necr      ######....   100%        8    None
 Dragon's Call            Summ           ######....   100%        9    None
 Statue Form              Tmut/Erth      Unusable     N/A         6    N/A

Dungeon Overview and Level Annotations

Branches:
Dungeon (15/15)            Temple (1/1) D:7            Lair (6/6) D:9
 Shoals (4/4) Lair:4        Snake (4/4) Lair:4        Slime (5/5) Lair:5
    Orc (2/2) D:9             Elf (3/3) Orc:2        Vaults (5/5) D:13
  Crypt (0/3) Vaults:2     Depths (5/5) D:15           Hell (visited)
    Dis (0/7) Hell            Geh (0/7) Hell            Coc (0/7) Hell
    Tar (0/7) Hell            Zot (5/5) Depths:5     Bailey (visited)
  IceCv (visited)         Gauntlet (visited)

Altars:
Ashenzari
Cheibriados
Dithmenos
Elyvilon
Fedhas
Gozag
Hepliaklqana
Kikubaaqudgha
Makhleb
Nemelex Xobeh
Okawaru
Qazlal
Ru
Sif Muna
Trog
Uskayaw
Vehumet
Wu Jian
Xom
Yredelemnul
Zin
The Shining One
Beogh
Jiyva

Shops:
D:4 }   D:9 *?=   D:11 *   D:14 }   Orc:2 *}?(   Elf:1 (   Elf:3 !?[
Snake:1 =}==   Snake:4 *   Vaults:2 =   Vaults:4 **[   Depths:3 %

Portals:
Hell: Depths:1 Depths:2 Depths:3 Depths:4 Depths:5
Abyss: Depths:4 Depths:5
Pandemonium: Orc:2 Depths:3 Depths:5
Ziggurat: Depths:5
Trove: D:12 (give 8 scrolls of fog)

Annotations:
D:10 exclusion: orange crystal statue
Zot:2 1 transporter


Innate Abilities, Weirdness & Mutations

You are resistant to torment.
((Your stone body is resilient. (AC +20)))
You are immune to poison.
((Your large and strong wings let you fly indefinitely.))
You resist negative energy. (rN+)
((You are resistant to electric shocks. (rElec)))
((You can survive without breathing.))
You are immune to petrification.
You are immune to rotting.
((You have a pair of small horns on your head.))
Scrolls take you a little longer to read.
You are dopey. (Int -2)
You are frail. (-10% HP)
You are somewhat resistant to further mutation.


Message History

You feel ready to backstab.
You feel clever all of a sudden.
You feel protected.
Okay, then.
Casting: Iron Shot (mildly dangerous; 1% risk of failure)
Confirm with . or Enter, or press ? or * to list all spells.
You feel a strong surge of power!
You turn into a fearsome dragon!
The +10 morningstar "Eos" {elec, Halo rElec} melds into your body.
The +1 cloak of the Known World {rPois Dex+5} melds into your body.
The -2 hat of the Alchemist {rElec rPois rF+ rC+ rN+ MR+ rMut rCorr} melds into your body.
The +2 pair of gloves "Ynuososi" {MR+ Str+4} melds into your body.
Your +0 pair of boots melds into your body.
Your +8 tower shield of reflection melds into your body.
Your +2 robe of the Archmagi melds into your body.
The +10 morningstar "Eos" {elec, Halo rElec} stops crackling.
You feel strangely numb.
A red film seems to cover your vision as you go berserk!
You feel yourself moving faster!
You feel mighty!
You feel a strong urge to attack something.
You have escaped!

.....#########.########..........
.....# #..### #....#.####
#....#### ##...## #....#.#
#.......######.....## ##...#.#
#######.....#....#..###...##.###
#...........#............#
#..####......#####.[.....#
#...#.......)...#........#
#.........D....#..##.#.###
##...#...).)...#..#..#.#
#..#...........#...##.#
#.#####.....#####..##.#
#......#...#.....^.##.#
######..#.#..####..##.#
##..#..######..#.#### ##...##
#........... ########.......####


There were no monsters in sight!

Vanquished Creatures
  the Royal Jelly (Slime:5)
  Dissolution (Slime:4)
  3 orbs of fire
  A juggernaut (Depths:5)
  9 ancient liches
  A pandemonium lord (Zot:1)
  Boris (twice) (Vaults:3 Vaults:4)
  Sojobo (Vaults:3)
  Bai Suzhen (Vaults:4)
  Margery (Depths:5)
  Xtahua (Depths:5)
  Vashnia (Snake:4)
  Frederick (Depths:1)
  2 curse toes (Zot:2)
  6 Killer Klowns
  Geryon (Hell)
  Nikola (Snake:4)
  12 golden dragons
  4 bone dragons
  A Tzitzimitl (Zot:1)
  Jorgrun (Elf:2)
  2 electric golems (Zot:5)
  18 tentacled monstrosities
  2 Ice Fiends
  3 liches
  25 Orb Guardians
  2 deep elf master archers (Elf:3)
  Murray (Hell)
  3 deep elf blademasters
  2 titans
  A kraken (Shoals:4)
  5 quicksilver dragons
  26 acid blobs
  9 sphinxes
  Polyphemus (Shoals:4)
  10 death cobs
  2 ancient champions (Vaults:2)
  An Executioner (D:1)
  Agnes (Elf:1)
  6 tengu reavers
  11 shadow dragons
  10 storm dragons
  2 thorn hunters (Depths:4)
  9 fire giants
  11 azure jellies
  16 nagarajas
  Roxanne (D:15)
  5 deep elf sorcerers
  11 draconian monks
  8 draconian knights
  A ghost moth (Zot:3)
  11 frost giants
  5 draconian scorchers
  An orc warlord (Vaults:3)
  An iron dragon (Vaults:5)
  Louise (Snake:3)
  A cacodemon (D:1)
  15 vault wardens
  Aizul (Snake:1)
  3 balrugs (Hell)
  3 draconian shifters
  4 deep elf elementalists
  7 reapers (Hell)
  A spriggan defender (Depths:3)
  3 draconian stormcallers
  14 ironheart preservers
  14 very ugly things
  5 war gargoyles
  5 draconian annihilators
  7 deep elf demonologists
  4 vampire knights
  20 stone giants
  2 entropy weavers
  A lorocyproca (Hell)
  9 black draconians
  15 red draconians
  19 purple draconians
  9 green draconians
  A minotaur (Gauntlet)
  11 white draconians
  10 yellow draconians
  3 spark wasps (Depths:3)
  16 deep elf annihilators
  A green death (D:2)
  2 blizzard demons (Hell)
  8 statues (Depths:1)
  10 fire dragons
  4 deep elf death magi (Elf:3)
  A crystal guardian (Vaults:3)
  18 ettins
  A fire dragon (shapeshifter) (Vaults:4)
  A nameless horror (Zot:5)
  12 great orbs of eyes
  7 death oozes
  3 jiangshi (Depths:2)
  2 merfolk javelineers (Shoals:4)
  6 deep elf high priests
  20 yaktaur captains
  9 merfolk impalers
  34 vault guards
  15 ice dragons
  A peacekeeper (Vaults:3)
  26 naga warriors
  4 merfolk avatars
  4 rakshasas
  Erica (D:9)
  5 spriggan air magi
  A hell beast (D:1)
  6 hydras
  5 merfolk aquamancers
  3 catoblepae
  A death knight (Vaults:3)
  3 anacondas
  11 centaur warriors
  9 tengu warriors
  2 satyrs
  15 ogre magi
  49 two-headed ogres
  11 death yaks
  9 deep troll earth magi
  13 shock serpents
  15 deep troll shamans
  2 vampire magi
  6 soul eaters
  27 dancing weapons
  A spriggan berserker (Depths:3)
  31 naga sharpshooters
  10 hell hogs
  5 orc high priests (Orc:2)
  2 iron golems (Hell)
  21 deep elf knights
  9 sun demons
  5 iron trolls
  A fire crab (Gauntlet)
  3 shadow wraiths
  13 skeletal warriors
  2 salamander mystics (Snake:4)
  5 unseen horrors
  A torturous demonspawn (Orc:2)
  4 wizards
  14 hell knights
  4 sea snakes
  A sixfirhy (D:1)
  The ghost of demenzo the Covert, a novice FeEn of Elyvilon (Lair:2)
  42 deep trolls
  2 shadow demons
  A golden dragon zombie (Depths:1)
  A storm dragon skeleton (Hell)
  8 glowing orange brains
  A gelid demonspawn (Orc:2)
  3 infernal demonspawn
  6 phantasmal warriors
  14 deep elf archers
  3 shadow dragon zombies (Hell)
  3 tengu zombies (Depths:1)
  10 necromancers
  5 naga ritualists
  13 ironbrand convokers
  6 oklob plants
  An orange crystal statue (Elf:2)
  23 orc knights
  76 deep elf magi
  9 mana vipers
  23 harpies
  A lindwurm (shapeshifter) (Vaults:4)
  2 orb spiders (shapeshifter)
  A wolf spider zombie (D:13)
  33 ugly things
  11 orc sorcerers
  8 fauns
  18 salamanders
  3 wolf spiders
  8 manticores
  A frost giant zombie (Hell)
  4 shining eyes
  25 moths of wrath
  An elephant (shapeshifter) (Vaults:4)
  12 elephants
  A frost giant skeleton (Hell)
  An iron dragon skeleton (Depths:3)
  5 cyclopes
  11 rust devils
  6 merfolk sirens
  A dire elephant zombie (Hell)
  9 guardian serpents
  22 vault sentinels
  28 black mambas
  3 ice statues
  6 water nymphs
  A shock serpent zombie (Hell)
  3 fire giant skeletons
  A torpor snail (Lair:6)
  20 naga magi
  4 eyes of devastation (Slime:5)
  10 spiny frogs
  2 gargoyles
  2 smoke demons (Hell)
  2 spiny frogs (shapeshifter)
  5 spectral swamp worms
  2 hellions
  3 rime drakes (Lair:5)
  An efreet (D:13)
  3 kobold demonologists
  A spark wasp simulacrum (Depths:3)
  3 orange demons
  5 freezing wraiths
  8 komodo dragons
  An anaconda simulacrum (Hell)
  A komodo dragon (shapeshifter) (Depths:4)
  An ice devil (Hell)
  2 meliai (shapeshifter)
  55 yaktaurs
  21 merfolk
  3 red devils
  2 hydra zombies (Hell)
  A queen bee (Lair:1)
  4 tengu conjurers
  12 polar bears
  2 jumping spiders (shapeshifter)
  3 harpy zombies (Shoals:1)
  3 saltlings (Vaults:3)
  3 wind drakes
  7 trolls
  A hydra skeleton (Hell)
  147 slime creatures
  12 hornets
  Prince Ribbit (D:4)
  10 dream sheep
  16 hippogriffs
  A tengu simulacrum (Depths:2)
  6 blink frogs
  A raiju (shapeshifter) (Depths:5)
  10 snapping turtles
  An alligator zombie (Hell)
  17 spriggans
  12 water elementals
  2 air elementals (Elf:2)
  2 shadows (D:14)
  An ettin skeleton (Depths:2)
  4 redbacks
  2 alligator skeletons (Hell)
  3 wraiths
  20 humans (D:13)
  A redback (shapeshifter) (Vaults:2)
  2 spriggan skeletons
  55 yaks
  A yak (shapeshifter) (Vaults:4)
  4 ynoxinuls
  3 large abominations (Depths:4)
  5 wyverns
  9 fire elementals
  16 golden eyes
  A neqoxec (D:9)
  2 steam dragons
  5 chaos spawn
  7 basilisks
  6 fire bats (Gauntlet)
  A hungry ghost (D:13)
  6 vampire mosquitoes
  Menkaure (D:7)
  6 wargs
  88 nagas
  11 hell hounds
  Edmund (D:4)
  An acid dragon (Vaults:1)
  A hydra simulacrum (Hell)
  16 water moccasins
  4 ice beasts
  59 orc warriors
  9 porcupines
  A hornet zombie (D:15)
  6 sky beasts
  A snapping turtle zombie (Hell)
  6 black bears
  10 eyes of draining
  A spiny frog skeleton (Hell)
  4 phantoms
  58 wolves
  An ettin simulacrum (Hell)
  2 necrophages
  25 boggarts
  40 ogres
  22 centaurs
  A crocodile (shapeshifter) (Depths:1)
  9 crocodiles
  A big kobold (shapeshifter) (Depths:1)
  5 big kobolds
  A hippogriff zombie (Shoals:1)
  21 bullfrogs
  2 earth elementals
  3 gnoll sergeants
  A wyvern zombie (D:14)
  2 elf skeletons
  4 small abominations (Depths:4)
  4 scorpions
  17 wights
  39 killer bees
  5 howler monkeys
  4 electric eels
  A howler monkey (shapeshifter) (Vaults:1)
  2 bullfrog zombies
  6 crimson imps
  A quasit (D:11)
  5 centaur zombies
  6 hounds
  2 jellies
  32 orc priests
  A yaktaur simulacrum (Depths:1)
  2 bullfrog skeletons
  3 centaur skeletons
  3 human zombies
  5 iron imps
  4 iguanas
  18 orc wizards
  9 worker ants
  An ogre zombie (D:15)
  A centaur simulacrum (Hell)
  3 hound skeletons
  3 mummies (D:15)
  18 gnolls
  21 adders
  A howler monkey skeleton (D:4)
  5 shadow imps
  An ooze (D:2)
  An adder zombie (D:5)
  2 adder skeletons (D:6)
  2 worms
  2 dart slugs
  12 leopard geckos
  113 orcs
  4 ball pythons
  2 bat zombies (Shoals:1)
  10 giant cockroaches
  11 goblins
  A goblin (shapeshifter) (Depths:3)
  8 hobgoblins
  2 jackals (D:1)
  6 quokkas
  8 bats
  2 frilled lizards (D:2)
  30 kobolds
  An orc zombie (D:15)
  10 rats
  2 crawling corpses
  4 fire vortices (Depths:1)
  2 plants (Shoals:3)
  5 tentacles (Shoals:4)
2943 creatures vanquished.

Vanquished Creatures (collateral kills)
  2 shining eyes
  A wolf (Lair:6)
3 creatures vanquished.

Vanquished Creatures (others)
  A draconian knight (Zot:5)
  A deep troll earth mage (Depths:2)
  A fire crab (shapeshifter) (Elf:1)
  A deep elf mage (Elf:2)
  A naga mage (Snake:4)
  A water nymph (Shoals:4)
  A polar bear (IceCv)
  A yak (IceCv)
  A boggart (Depths:3)
  2 orcs
  17 fungi
  39 plants
  17 tentacles
  A withered plant (Shoals:4)
85 creatures vanquished.

Grand Total: 3031 creatures vanquished

Notes
Turn   | Place    | Note
-------+----------+-------------------------------------------
     0 | D:1      | sahdkjhfkaj the Gargoyle Venom Mage began the quest for the
                  | Orb.
     0 | D:1      | Reached XP level 1. HP: 10/10 MP: 3/3
    39 | D:1      | Reached skill level 1 in Transmutations
   103 | D:1      | Reached skill level 1 in Armour
   240 | D:1      | Reached XP level 2. HP: 15/15 MP: 0/5
   890 | D:1      | Reached skill level 1 in Fighting
  1048 | D:1      | Reached XP level 3. HP: 14/20 MP: 1/6
  2289 | D:2      | Reached XP level 4. HP: 11/25 MP: 0/7
  2462 | D:2      | Learned a level 2 spell: Poisonous Vapours
  3247 | D:2      | Reached skill level 1 in Maces & Flails
  3525 | D:2      | Reached XP level 5. HP: 24/29 MP: 2/8
  3831 | D:3      | Reached skill level 2 in Fighting
  4074 | D:3      | Reached XP level 6. HP: 35/35 MP: 9/9
  4244 | D:3      | Learned a level 4 spell: Olgreb's Toxic Radiance
  5133 | D:4      | Found a sacrificial altar of Ru.
  5230 | D:4      | Found Lain Diamus's Gadget Shop.
  5253 | D:4      | Reached skill level 5 in Poison Magic
  5730 | D:5      | Entered Level 5 of the Dungeon
  5781 | D:4      | Reached XP level 7. HP: 27/40 MP: 0/10
  5887 | D:5      | Noticed Edmund
  5900 | D:4      | Killed Edmund
  5928 | D:4      | Learned a level 3 spell: Ignite Poison
  6121 | D:4      | Reached skill level 5 in Armour
  6121 | D:4      | Reached skill level 1 in Fire Magic
  6127 | D:4      | Reached XP level 8. HP: 9/45 MP: 1/12
  6403 | D:5      | Reached skill level 3 in Fighting
  6570 | D:5      | Noticed Prince Ribbit
  6615 | D:4      | Killed Prince Ribbit
  7278 | D:5      | Gained mutation: You have large cloven feet. [potion of
                  | mutation]
  7278 | D:5      | Gained mutation: You are resistant to hostile enchantments.
                  | (MR+) [potion of mutation]
  7278 | D:5      | Gained mutation: Your flesh is heat resistant. (rF+)
                  | [potion of mutation]
  8094 | D:6      | Reached skill level 4 in Fighting
  8328 | D:6      | Found a glowing silver altar of Zin.
  8391 | D:6      | Reached XP level 9. HP: 52/52 MP: 5/13
  8643 | D:6      | Found an ornate altar of the Wu Jian Council.
  9108 | D:7      | Found a flagged portal.
  9117 | Bailey   | Entered a bailey
  9236 | Bailey   | Noticed an orc knight
  9252 | Bailey   | Killed an orc knight
  9354 | Bailey   | Found an iron altar of Okawaru.
  9551 | D:7      | Reached skill level 5 in Fire Magic
  9551 | D:7      | Reached skill level 1 in Shields
  9936 | D:7      | Noticed Menkaure
  9943 | D:7      | Killed Menkaure
 10609 | D:7      | Found a staircase to the Ecumenical Temple.
 10757 | D:7      | Reached XP level 10. HP: 58/58 MP: 16/16
 10885 | Temple   | Entered the Ecumenical Temple
 11142 | Temple   | Became a worshipper of Vehumet
 11615 | D:8      | Reached skill level 5 in Fighting
 11632 | D:8      | Reached skill level 5 in Spellcasting
 11637 | D:8      | Learned a level 3 spell: Mephitic Cloud
 11796 | D:8      | Reached skill level 1 in Conjurations
 12274 | D:7      | Reached * piety under Vehumet
 12274 | D:7      | Offered knowledge of Foxfire by Vehumet.
 12947 | D:8      | Identified the Catalogue of the Arsonist
 13447 | D:9      | Reached skill level 6 in Fighting
 13462 | D:9      | Found Yrus's Magic Scroll Shop.
 13635 | D:9      | Noticed an elephant
 13657 | D:9      | Offered knowledge of Searing Ray by Vehumet.
 13669 | D:9      | Killed an elephant
 13669 | D:9      | Reached ** piety under Vehumet
 13669 | D:9      | Reached skill level 5 in Maces & Flails
 13669 | D:9      | Reached skill level 1 in Air Magic
 13669 | D:9      | Reached XP level 11. HP: 38/64 MP: 4/18
 13849 | D:9      | Noticed Erica
 13858 | D:9      | Killed Erica
 14182 | D:9      | Reached skill level 5 in Conjurations
 14184 | D:9      | Found a staircase to the Orcish Mines.
 14317 | D:9      | Found a staircase to the Lair.
 14841 | D:9      | Offered knowledge of Conjure Flame by Vehumet.
 15020 | D:9      | Found Jasy's Jewellery Shop.
 15021 | D:9      | Found Heykh's General Store.
 15343 | D:10     | Entered Level 10 of the Dungeon
 15425 | D:10     | Noticed an orange crystal statue
 15639 | D:10     | Found the ring of the Octopus King
 15642 | D:10     | Got a ring of the Octopus King
 15775 | D:10     | Reached *** piety under Vehumet
 15784 | D:10     | Noticed a two-headed ogre
 16377 | D:11     | Noticed a two-headed ogre
 16392 | D:11     | Killed a two-headed ogre
 17038 | D:11     | Found Rodiefeh's Assorted Antiques.
 17103 | D:11     | Noticed a two-headed ogre
 17110 | D:11     | Killed a two-headed ogre
 17211 | D:11     | Offered knowledge of Sticky Flame by Vehumet.
 17478 | D:10     | Identified a ring of the Octopus King {rN+ AC+1 EV+1 Str+1
                  | Int+1 Dex+1} (You found it on level 10 of the Dungeon)
 17485 | D:10     | Learned a level 4 spell: Sticky Flame
 17576 | D:11     | Noticed a brown ugly thing
 17584 | D:11     | Killed a brown ugly thing
 17591 | D:11     | Learned a level 5 spell: Bolt of Magma
 17707 | D:11     | Reached XP level 12. HP: 34/70 MP: 21/21
 18438 | D:12     | Reached skill level 1 in Earth Magic
 18443 | D:12     | Noticed a tengu warrior
 18687 | Lair:1   | Entered Level 1 of the Lair of Beasts
 18956 | Lair:1   | Reached skill level 5 in Earth Magic
 19412 | Lair:1   | Reached **** piety under Vehumet
 19628 | Lair:1   | Offered knowledge of Yara's Violent Unravelling by Vehumet.
 19630 | Lair:1   | Reached skill level 10 in Poison Magic
 19802 | Lair:1   | Reached ***** piety under Vehumet
 20190 | Lair:2   | Found a transporter.
 20195 | Lair:2   | Noticed a six-headed hydra
 20195 | Lair:2   | Noticed a six-headed hydra
 20435 | Lair:2   | Offered knowledge of Conjure Ball Lightning by Vehumet.
 21914 | Lair:2   | Noticed a four-headed hydra
 21935 | Lair:2   | Found a transporter.
 21944 | Lair:2   | Noticed demenzo's ghost (novice FeEn)
 21971 | Lair:2   | Killed a six-headed hydra
 22292 | Lair:2   | Killed a six-headed hydra
 22762 | Lair:3   | Reached XP level 13. HP: 57/74 MP: 23/23
 22960 | Lair:3   | Found a frozen archway.
 23003 | IceCv    | Entered an ice cave
 24457 | IceCv    | HP: 3/74 [polar bear (4)]
 25436 | IceCv    | Identified 2 scrolls of acquirement
 25437 | IceCv    | Acquired the Incunabulum of Dusty Shape Shifting
 25442 | IceCv    | Learned a level 2 spell: Sticks to Snakes
 25442 | IceCv    | Acquired the Guide on Glacial Attacks
 25452 | IceCv    | Learned a level 5 spell: Irradiate
 25837 | Lair:3   | Found a blossoming altar of Fedhas.
 27395 | Lair:4   | Reached skill level 5 in Transmutations
 27397 | Lair:4   | Found a staircase to the Shoals.
 28407 | Lair:4   | Found a staircase to the Snake Pit.
 28977 | Lair:5   | Gained mutation: Your large and strong wings let you fly
                  | indefinitely. [Gargoyle growth]
 28977 | Lair:5   | Reached XP level 14. HP: 54/80 MP: 20/24
 29205 | Lair:5   | Found a viscous altar of Jiyva.
 29205 | Lair:5   | Found a staircase to the Slime Pits.
 30614 | Lair:6   | Entered Level 6 of the Lair of Beasts
 31206 | Lair:5   | Found a staircase to the Slime Pits.
 31207 | Lair:5   | Found a viscous altar of Jiyva.
 31925 | Lair:6   | Offered knowledge of Iron Shot by Vehumet.
 32540 | Lair:6   | Reached skill level 10 in Transmutations
 32772 | Lair:6   | Reached skill level 7 in Fighting
 34041 | Lair:6   | Reached skill level 8 in Fighting
 35200 | D:12     | Reached XP level 15. HP: 86/88 MP: 21/25
 35249 | D:12     | Reached skill level 10 in Maces & Flails
 35249 | D:12     | Offered knowledge of Lee's Rapid Deconstruction by Vehumet.
 36065 | D:12     | Found a stormy altar of Qazlal.
 36123 | D:12     | Found a sacrificial altar of Ru.
 36290 | D:12     | Found a portal to a secret trove of treasure.
 37690 | D:13     | Found a gate to the Vaults.
 37698 | D:13     | Reached skill level 1 in Evocations
 38997 | D:14     | Found Paisme Nano's Gadget Shoppe.
 39488 | D:14     | Reached skill level 9 in Fighting
 39710 | D:15     | Entered Level 15 of the Dungeon
 40109 | D:15     | Found an ancient bone altar of Kikubaaqudgha.
 40457 | D:15     | Reached XP level 16. HP: 81/96 MP: 26/26
 40754 | D:15     | Got a sparkling pewter ring
 40833 | D:15     | Offered knowledge of Lightning Bolt by Vehumet.
 41155 | D:15     | Reached skill level 10 in Fighting
 41413 | D:15     | Noticed Roxanne
 41418 | D:15     | Learned a level 2 spell: Blink
 41622 | Orc:1    | Entered Level 1 of the Orcish Mines
 41638 | Orc:1    | Reached skill level 5 in Evocations
 41678 | Orc:1    | Reached skill level 5 in Dodging
 41839 | Orc:2    | Entered Level 2 of the Orcish Mines
 41847 | Orc:2    | Reached skill level 1 in Translocations
 41913 | Orc:2    | Found a gate leading to a gauntlet.
 41913 | Orc:2    | Found a staircase to the Elven Halls.
 41922 | Gauntlet | Entered a Gauntlet
 41922 | Gauntlet | Found a transporter.
 41922 | Gauntlet | Found a transporter.
 42043 | Gauntlet | Found a transporter.
 42061 | Gauntlet | Found a transporter.
 42061 | Gauntlet | Found a transporter.
 42061 | Gauntlet | Found a transporter.
 42063 | Gauntlet | Found a transporter.
 42063 | Gauntlet | Found a transporter.
 42076 | Gauntlet | Found a transporter.
 42090 | Gauntlet | Found a transporter.
 42098 | Gauntlet | Found a runed translucent door.
 42100 | Gauntlet | Found a transporter.
 42102 | Gauntlet | Found a runed translucent door.
 42105 | Gauntlet | Found a transporter.
 42139 | Gauntlet | Found a transporter.
 42151 | Gauntlet | Found a transporter.
 42303 | Gauntlet | Got a warped bone ring
 42305 | Gauntlet | Identified the ring of the Fool {+Inv MP+9 Str+4} (You
                  | found it in a Gauntlet)
 42307 | Gauntlet | Identified the ring "Feis" {*Drain Int+6 Dex+5} (You found
                  | it on level 15 of the Dungeon)
 42477 | Gauntlet | Got a coiled jade ring
 42527 | Gauntlet | Identified the ring of Ikajat {Str+3 Slay+4 Stlth+} (You
                  | found it in a Gauntlet)
 42745 | Gauntlet | Found the -2 hat of the Alchemist {rElec rPois rF+ rC+ rN+
                  | MR+ rMut rCorr}
 43060 | Lair:2   | Got a pair of fine gloves
 43072 | Lair:2   | Identified the +2 pair of gloves "Ynuososi" {MR+ Str+4}
                  | (You found it on level 2 of the Lair of Beasts)
 43698 | Orc:2    | Found Tounof's General Store.
 43700 | Orc:2    | Found Ciacuj's Magic Scroll Shop.
 43762 | Orc:2    | Offered knowledge of Iskenderun's Battlesphere by Vehumet.
 44077 | Orc:2    | Reached skill level 5 in Translocations
 45273 | Orc:2    | Found a roughly hewn altar of Beogh.
 45487 | Orc:2    | Reached skill level 10 in Armour
 45528 | Orc:2    | Found Lotejed's Gadget Emporium.
 45528 | Orc:2    | Found Wuusath's Antique Weapon Shoppe.
 45528 | Orc:2    | Found a one-way gate leading to the halls of Pandemonium.
 45974 | Lair:2   | Reached skill level 11 in Fighting
 45990 | Lair:2   | Killed demenzo's ghost
 46115 | Snake:1  | Entered Level 1 of the Snake Pit
 46264 | Snake:1  | Got a faintly glowing chain mail
 46274 | Snake:1  | Identified the +1 chain mail of Spite {+Inv Str+4 Slay-4}
                  | (You found it on level 1 of the Snake Pit)
 46282 | Snake:1  | Noticed Aizul
 46303 | Snake:1  | Killed Aizul
 46912 | Snake:1  | Found Udeser's Jewellery Shop.
 46917 | Snake:1  | Found Hum Waeh's Gadget Emporium.
 46918 | Snake:1  | Found Qaimas's Jewellery Shop.
 47058 | Snake:1  | Reached ****** piety under Vehumet
 47209 | Snake:1  | Offered knowledge of Spellforged Servitor by Vehumet.
 47288 | Snake:1  | Found Bick's Jewellery Shop.
 47374 | Snake:1  | Reached XP level 17. HP: 103/104 MP: 27/29
 48355 | Snake:2  | You fall into a shaft and drop 1 floor!
 48387 | Snake:3  | Reached skill level 10 in Spellcasting
 48793 | Snake:3  | Noticed Louise
 48803 | Snake:3  | Killed Louise
 50765 | Snake:3  | Reached skill level 5 in Shields
 50772 | Snake:3  | Offered knowledge of Lehudib's Crystal Spear by Vehumet.
 51076 | Snake:4  | Entered Level 4 of the Snake Pit
 52285 | Snake:4  | Reached XP level 18. HP: 104/110 MP: 34/34
 52933 | Snake:4  | Reached skill level 10 in Shields
 53235 | Snake:4  | Noticed Vashnia
 53266 | Snake:4  | Killed Vashnia
 53492 | Snake:4  | Found Italia's Mass Market.
 53692 | Snake:4  | Noticed Nikola
 53728 | Snake:4  | Killed Nikola
 55145 | Snake:4  | Offered knowledge of Fire Storm by Vehumet.
 55145 | Snake:4  | Offered knowledge of Chain Lightning by Vehumet.
 55145 | Snake:4  | Offered knowledge of Absolute Zero by Vehumet.
 55727 | Snake:4  | Reached XP level 19. HP: 111/115 MP: 35/35
 55767 | Snake:4  | Reached skill level 15 in Shields
 56012 | Snake:4  | Got a serpentine rune of Zot
 56172 | Shoals:1 | Entered Level 1 of the Shoals
 58457 | Shoals:2 | Learned a level 9 spell: Absolute Zero
 58856 | Shoals:3 | Reached skill level 1 in Ice Magic
 58877 | Shoals:3 | Got a smoking jade amulet
 58878 | Shoals:3 | Identified the amulet of Eternal Harmony {Acrobat rF+++ rC+
                  | Str-4 Slay-4} (You found it on level 3 of the Shoals)
 59581 | Shoals:4 | Entered Level 4 of the Shoals
 61998 | Shoals:4 | Noticed Polyphemus
 62007 | Shoals:4 | Killed Polyphemus
 62163 | Shoals:4 | Identified the cursed +0 plate armour of the Bells {MR+
                  | Str+5 Dex-4} (You found it on level 4 of the Shoals)
 62211 | Shoals:4 | Got a barnacled rune of Zot
 62417 | Shoals:4 | Reached XP level 20. HP: 70/120 MP: 36/36
 62654 | Shoals:4 | Reached skill level 5 in Ice Magic
 63134 | Vaults:1 | Entered Level 1 of the Vaults
 65801 | Vaults:2 | Identified the amulet "Qaunluor" {Acrobat Int+7 SInv} (You
                  | found it on level 2 of the Vaults)
 65810 | Vaults:2 | Found a staircase to the Crypt.
 66207 | Vaults:2 | Found Vusos's Jewellery Boutique.
 66498 | Vaults:2 | Reached XP level 21. HP: 102/124 MP: 37/37
 67524 | Vaults:3 | Learned a level 7 spell: Orb of Destruction
 67798 | Vaults:3 | Noticed Boris
 67815 | Vaults:3 | Killed Boris
 67815 | Vaults:3 | Reached skill level 10 in Conjurations
 68211 | Vaults:3 | Noticed Sojobo
 68241 | Vaults:3 | Killed Sojobo
 70320 | Vaults:4 | Found Neiw's Assorted Antiques.
 70320 | Vaults:4 | Found Casusey's Assorted Antiques.
 70322 | Vaults:4 | Found Jerubbel's Armour Boutique.
 70592 | Vaults:4 | Reached XP level 22. HP: 130/130 MP: 38/38
 71251 | Vaults:4 | Noticed Bai Suzhen
 71264 | Vaults:4 | Killed Bai Suzhen
 71846 | Elf:1    | Entered Level 1 of the Elven Halls
 72048 | Elf:1    | Noticed Agnes
 72055 | Elf:1    | Killed Agnes
 72508 | Elf:1    | Found Godghut's Antique Weapon Shop.
 73026 | Elf:2    | Noticed Jorgrun
 73047 | Elf:2    | Killed Jorgrun
 73373 | Elf:2    | Found a runed translucent gate.
 73373 | Elf:2    | Found a runed translucent gate.
 73373 | Elf:2    | Found a runed translucent gate.
 73651 | Elf:2    | Found a shimmering blue altar of Sif Muna.
 73680 | Elf:2    | Found a radiant altar of Vehumet.
 74225 | Elf:3    | Entered Level 3 of the Elven Halls
 74300 | Elf:3    | Found Qetef's Magic Scroll Boutique.
 74326 | Elf:3    | Found Ciucirire's Antique Armour Shoppe.
 74375 | Elf:3    | Found a flickering gateway to a bazaar.
 74386 | Bazaar   | Entered a bazaar
 74405 | Bazaar   | Found Acwusora's Book Emporium.
 74442 | Bazaar   | Found Toith's Distillery.
 74513 | Bazaar   | Bought a book of Power for 585 gold pieces
 74520 | Bazaar   | Learned a level 6 spell: Iron Shot
 74680 | Elf:3    | Found Tylojy's Distillery.
 75609 | Elf:3    | Reached XP level 23. HP: 126/135 MP: 36/39
 75909 | Elf:3    | Identified the +8 halberd "Guugomau" {vorpal, rPois rC+}
 75909 | Elf:3    | Identified the ring of Vuovvo {*Drain rF+ Int+4 Stlth-}
 75920 | Elf:3    | Identified the amulet of Divine Intervention {Faith Str+2}
 76256 | Elf:3    | Found the +8 glaive of the Guard {elec, +Rage AC+5 SInv}
 76854 | Vaults:5 | Entered Level 5 of the Vaults
 76972 | Vaults:4 | Gained mutation: Your magical capacity is low. (-10% MP)
                  | [mutagenic glow]
 77490 | Vaults:5 | Noticed an ancient lich
 77494 | Vaults:4 | Reached skill level 12 in Fighting
 78179 | Vaults:4 | Killed an ancient lich
 78489 | Vaults:5 | Noticed a golden dragon
 79144 | Vaults:4 | Reached skill level 13 in Fighting
 79272 | Vaults:5 | Noticed a golden dragon
 79500 | Vaults:4 | Killed a golden dragon
 79701 | Vaults:4 | Killed a golden dragon
 79714 | Vaults:4 | Reached XP level 24. HP: 77/147 MP: 36/36
 80000 | Vaults:5 | Reached skill level 14 in Fighting
 80551 | Vaults:4 | Gained mutation: Armour fits poorly on your strangely
                  | shaped body. [mutagenic glow]
 80593 | Vaults:4 | Lost mutation: Your flesh is heat resistant. (rF+) [potion
                  | of mutation]
 80593 | Vaults:4 | Lost mutation: Your magical capacity is low. (-10% MP)
                  | [potion of mutation]
 80593 | Vaults:4 | Lost mutation: You have large cloven feet. [potion of
                  | mutation]
 80608 | Vaults:4 | Lost mutation: Armour fits poorly on your strangely shaped
                  | body. [potion of mutation]
 80608 | Vaults:4 | Lost mutation: You are resistant to hostile enchantments.
                  | (MR+) [potion of mutation]
 80640 | Vaults:4 | Gained mutation: You are frail. (-10% HP) [mutagenic glow]
 80759 | Vaults:5 | Reached skill level 15 in Fighting
 80823 | Vaults:4 | Gained mutation: You are dopey. (Int -2) [mutagenic glow]
 81315 | Vaults:5 | Identified the ring "Ybbonui" {rF++ Int+6}
 81742 | Vaults:5 | Noticed Boris
 81775 | Vaults:4 | Killed Boris
 81788 | Vaults:4 | Reached skill level 16 in Fighting
 83202 | Vaults:5 | Got a silver rune of Zot
 84000 | Elf:3    | Learned a level 5 spell: Borgnjor's Vile Clutch
 84332 | Slime:1  | Entered Level 1 of the Pits of Slime
 84645 | Slime:1  | Reached skill level 1 in Necromancy
 85537 | Slime:3  | Reached XP level 25. HP: 144/144 MP: 40/41
 85601 | Slime:3  | Reached skill level 15 in Spellcasting
 86086 | Slime:4  | Gained mutation: You are somewhat resistant to further
                  | mutation. [a shining eye]
 88206 | Slime:5  | Entered Level 5 of the Pits of Slime
 88628 | Slime:5  | Noticed Dissolution
 88842 | Slime:4  | Killed Dissolution
 90604 | Slime:5  | Noticed the Royal Jelly
 90609 | Slime:5  | Found a viscous altar of Jiyva.
 90628 | Slime:5  | Killed the Royal Jelly
 91297 | Slime:5  | Found the +10 morningstar "Eos" {elec, Halo rElec}
 91315 | Slime:5  | Got a slimy rune of Zot
 91448 | Slime:5  | Learned a level 4 spell: Passage of Golubria
 91461 | Slime:5  | Identified the Disquisition on Changing and Boosts
 93102 | D:15     | Killed Roxanne
 93235 | D:15     | Found a staircase to the Depths.
 93340 | Depths:1 | Entered Level 1 of the Depths
 93370 | Depths:1 | Reached XP level 26. HP: 148/148 MP: 35/45
 94855 | Depths:1 | Found a radiant altar of Vehumet.
 94855 | Depths:1 | Noticed Frederick
 94858 | Depths:1 | Killed Frederick
 95977 | Depths:1 | Found a gateway to Hell.
 97087 | Hell     | Entered the Vestibule of Hell
 97087 | Hell     | Noticed Geryon
 97159 | Depths:1 | Reached skill level 10 in Dodging
 97444 | Hell     | Killed Geryon
 99011 | Hell     | Noticed Murray
 99158 | Hell     | Killed Murray
 99484 | Hell     | Found a gateway to the Iron City of Dis.
 99632 | Hell     | Learned a level 8 spell: Chain Lightning
 99802 | Depths:1 | Gained mutation: You are very frail. (-20% HP) [mutagenic
                  | glow]
 99824 | Depths:1 | Gained mutation: Your body sometimes deteriorates upon
                  | taking damage. [mutagenic glow]
 99907 | Depths:1 | Lost mutation: You are very frail. (-20% HP) [potion of
                  | mutation]
 99907 | Depths:1 | Lost mutation: Your body sometimes deteriorates upon taking
                  | damage. [potion of mutation]
100486 | Hell     | Found a gateway to the decaying netherworld of Tartarus.
100880 | Hell     | Found a gateway to the ashen valley of Gehenna.
101102 | Hell     | Learned a level 5 spell: Lee's Rapid Deconstruction
101146 | Hell     | Found a gateway to the freezing wastes of Cocytus.
101504 | Depths:1 | Reached skill level 5 in Air Magic
101679 | Depths:2 | Reached XP level 27. HP: 153/153 MP: 37/45
102765 | Depths:2 | Got an ancient cloak
102766 | Depths:2 | Identified the +1 cloak of the Known World {rPois Dex+5}
                  | (You found it on level 2 of the Depths)
104480 | Depths:3 | Reached skill level 10 in Air Magic
104829 | Depths:3 | Identified the +10 great sword "Muxauw" {holy, rC- Int+8
                  | SInv}
105262 | Depths:3 | Found Rost's Food Shop.
107595 | Depths:4 | Found a one-way gate to the infinite horrors of the Abyss.
108148 | Depths:4 | Identified the ring of Moazxoi {+Fly Dex+2} (You found it
                  | on level 4 of the Depths)
108180 | Depths:5 | Entered Level 5 of the Depths
108180 | Depths:5 | Noticed Margery
108184 | Depths:5 | Reached skill level 5 in Necromancy
108186 | Depths:5 | Killed Margery
108221 | Depths:5 | Reached skill level 17 in Fighting
108226 | Depths:5 | Noticed Xtahua
108232 | Depths:5 | Killed Xtahua
108775 | Depths:5 | Reached skill level 18 in Fighting
108945 | Depths:5 | Found a gate to the Realm of Zot.
108965 | Depths:5 | Noticed a juggernaut
108970 | Depths:5 | Killed a juggernaut
109275 | Depths:5 | Found a gateway to a ziggurat.
109480 | Zot:1    | Entered Level 1 of the Realm of Zot
109810 | Zot:1    | Reached skill level 19 in Fighting
110870 | Zot:1    | Reached skill level 20 in Fighting
112488 | Zot:2    | Reached skill level 21 in Fighting
112530 | Zot:2    | Found a transporter.
113593 | Zot:2    | Reached skill level 22 in Fighting
114270 | Zot:2    | Found a transporter.
114302 | Zot:2    | Noticed an orb of fire
114307 | Zot:2    | Killed an orb of fire
114693 | Zot:2    | Reached skill level 23 in Fighting
114875 | Zot:2    | Noticed an orb of fire
115200 | Zot:2    | Gained mutation: Scrolls take you a little longer to read.
                  | [an orb of fire]
116113 | Zot:3    | Reached skill level 24 in Fighting
116843 | Zot:5    | Entered Level 5 of the Realm of Zot
117436 | Zot:5    | Reached skill level 25 in Fighting
117800 | Zot:5    | Noticed an ancient lich
117994 | Zot:4    | Learned a level 7 spell: Spellforged Servitor
118360 | Zot:5    | Noticed an ancient lich
118371 | Zot:5    | Killed an ancient lich
118371 | Zot:5    | Reached skill level 26 in Fighting
118470 | Zot:5    | Noticed an ancient lich
118483 | Zot:5    | Killed an ancient lich
118602 | Zot:5    | Noticed an ancient lich
118608 | Zot:5    | Killed an ancient lich
118738 | Zot:5    | Noticed an ancient lich
119011 | Zot:5    | Noticed an ancient lich
119016 | Zot:5    | Killed an ancient lich
119016 | Zot:5    | Noticed an orb of fire
119019 | Zot:5    | Noticed an ancient lich
119133 | Zot:5    | Killed an orb of fire
119138 | Zot:4    | Killed an ancient lich
119221 | Zot:5    | Reached skill level 27 in Fighting
119402 | Zot:5    | Noticed an ancient lich
119408 | Zot:5    | Noticed an orb of fire
119410 | Zot:5    | Gained mutation: You have a pair of small horns on your
                  | head. [an orb of fire]
119632 | Zot:5    | Killed an orb of fire
119897 | Zot:5    | Killed an ancient lich
120664 | Zot:5    | Noticed an ancient lich
120668 | Zot:5    | Killed an ancient lich
120804 | Zot:5    | Got the Orb of Zot
120843 | Zot:5    | Killed an ancient lich
120905 | Zot:1    | Noticed Liriem the pandemonium lord
120909 | Zot:1    | Killed Liriem the pandemonium lord
121410 | D:1      | Learned a level 7 spell: Dragon Form
121530 | D:$      | Escaped with the Orb!

Illustrated notes

Levels and vault maps discovered:
D:1:      scummos_arrival_star, layout_basic, minmay_misc_feat_ornament
D:2:      layout_basic, minmay_mini_jars
D:3:      layout_basic, first_ration, saegor_snake_ambush
D:4:      layout_cave_pools, serial_shops, nicolae_shop_behind_doors,
          serial_glass, glass_columns_a, glass_columns_a,
          nicolae_ru_path_of_blood
D:5:      layout_cave_pools, uniq_edmund, uniq_prince_ribbit1
D:6:      layout_basic, zin_treasury, basic_altar,
          chequers_serial_rivers_small_3, small_statue_alley_b
D:7:      kennysheep_spiral_hall, layout_basic, minmay_temple_entry_nine_rooms,
          nicolae_ossuary_entry_ruins, enter_bailey_7, uniq_menkaure
D:8:      layout_cave_pods, serial_rivers, chequers_serial_rivers_small_3,
          chequers_serial_rivers_room_a, chequers_serial_rivers_micro_d,
          chequers_serial_rivers_small_b
D:9:      layout_big_octagon, david_lair_generic,
          kennysheep_orc_monster_closet_entryway, serial_shops,
          nicolae_shop_waterfront, kennysheep_little_box, shop, uniq_erica
D:10:     layout_loops_ring, minivault_16
D:11:     layout_basic, serial_shops, nicolae_shop_overgrown_old_shop,
          hangedman_fish_farm
D:12:     layout_loops_ring, nicolae_trove_entry_columns, basic_altar,
          nicolae_qazlal_general_emergency
D:13:     layout_roguey, grunt_vaults_entry_tiered
D:14:     layout_loops_cross, minmay_misc_feat_tower, serial_shops, shop
D:15:     hangedman_depths_entry_try_elsewhere_first, layout_basic,
          lemuel_mausoleum_altar_kikubaaqudgha, uniq_roxanne
Temple:   nicolae_temple_the_god_donut
Lair:1:   layout_cave_pods, special_room [special_room_bee],
          beast_lair_carwin_9, grunt_megastairs_2
Lair:2:   layout_layer_cave, gammafunk_ghost_berserking_beasts,
          chequers_serial_rivers_small_3, cheibrodos_lair_reptile_den,
          serial_bayou_shore_b
Lair:3:   beast_lair_carwin_large_2, layout_regular_city,
          portal_ice_cave_entry_pillars_2, basic_altar
Lair:4:   layout_small_grid, minmay_shoals_entry_centaurs,
          guppyfry_snake_entry_garden, grunt_megastairs_1, lemuel_fruit_tree
Lair:5:   layout_small_grid, slime_altar_1, st_stairs_12,
          grunt_forest_stairs_clearing
Lair:6:   minmay_lair_end_enchanted_forest, layout_hall_layers,
          lookout_lair_type, serial_bayou_lagoon_b
Shoals:1: cheibrodos_shoals_satyrical_garden, layout_shoals,
          nicolae_shoals_undead_eyrie
Shoals:2: layout_shoals
Shoals:3: layout_shoals, nicolae_shoals_this_corrosion
Shoals:4: shoals_end_simple, layout_shoals, argonaut_gorgonesque,
          uniq_polyphemus
Snake:1:  layout_misc_corridors, serial_shops, nicolae_shop_stone,
          minmay_shop_grove, uniq_aizul
Snake:2:  layout_cave_pods, st_stairs_11, nicolae_coiled_stairwell_down
Snake:3:  layout_misc_corridors, serial_bayou_shore_b, uniq_louise
Snake:4:  grunt_snake_rune_spirals, layout_onion, minmay_shop_mass,
          serial_bayou_pond_d, hangedman_snake_thin_pillar_pass, drop_trap,
          uniq_nikola, uniq_vashnia
Slime:1:  layout_caves
Slime:2:  layout_caves, cheibrodos_slime_lost_civilization_4
Slime:3:  layout_caves
Slime:4:  layout_caves
Slime:5:  uniq_dissolution
Orc:1:    layout_diamond_mine, serial_shops, nicolae_shop_behind_doors
Orc:2:    pf_orc_diabolical, layout_diamond_mine, gauntlet_entry_generic,
          minmay_orc_temple_b
Elf:1:    eino_elf_arrival_sip, layout_geoelf_octagon, serial_shops, shop,
          evilmike_minifort, uniq_agnes
Elf:2:    layout_geoelf_octagon, basic_altar, st_stairs_3, minivault_16,
          grunt_ministairs_1, david_defended_altar_elf, uniq_jorgrun
Elf:3:    elf_hall_gauntlet_narrow, layout_geoelf_castle, serial_shops,
          bzr_entry_dummy, shop, shop_statue, nicolae_shop_crystal,
          grunt_ministairs_9, small_chamber_with_monster
Vaults:1: vaults_room_guarded_vault, v_misc_29, v_misc_1, v_misc_26,
          nicolae_vaults_theta, nicolae_vaults_alarming, layout_vaults_omnigrid
Vaults:2: v_rooms_1, vaults_mumra_hex, hangedman_vaults_stream,
          hangedman_vaults_maws, v_misc_9, dpeg_vaults_monster_row,
          minmay_crypt_entry_simple_box, nicolae_vaults_asterisk, v_misc_8,
          serial_ice_m, v_misc_14, v_misc_25, vaults_dpeg_hooks,
          ontoclasm_vaults_tryst, layout_vaults_ring, serial_shops,
          nicolae_shop_temple_entry_statues_fountains
Vaults:3: special_room_vaults [special_room_orc], vaults_room_corners,
          v_misc_17, nicolae_vaults_ring_of_whatevers, v_alt_pattern_5,
          nicolae_vaults_asterisk, nicolae_vaults_little_squares_4,
          nicolae_vaults_asterisk, nicolae_vaults_network_quincunx
          [nicolae_vaults_network_quincunx_subvault,
          nicolae_vaults_network_quincunx_subvault,
          nicolae_vaults_network_quincunx_subvault,
          nicolae_vaults_network_quincunx_subvault,
          nicolae_vaults_network_quincunx_subvault], grunt_vaults_focal,
          layout_vaults_omnibox, portal_desolation_entry_nicolae_nacl,
          uniq_sojobo, uniq_boris
Vaults:4: v_alt_pattern_1, vaults_room_fours, ontoclasm_vaults_loading_screen,
          hangedman_vaults_hard_town_square, vaults_room_large_hall,
          vaults_mumra_chevron_long, v_alt_pattern_6, grunt_vaults_twisty,
          nicolae_vaults_network_s, layout_vaults_maze_bifur, uniq_bai_suzhen
Vaults:5
Depths:1: evilmike_halls_of_destruction, layout_gridlike,
          chequers_serial_rivers_micro_d, grunt_hell_horde,
          chequers_serial_rivers_small_3, nicolae_two_hexagons,
          fake_guardian_serpent_vault, serial_bayou_shore_b
Depths:2: kennysheep_blocky_room, layout_cave_pools, serial_glass,
          glass_columns_b, glass_columns_a, minmay_strange_pillars,
          minmay_strange_pillars, hell_entry, minmay_staircase_windowed_large
Depths:3: kennysheep_green_arena, layout_basic, rand_demon_pan_entry_8,
          serial_shops, shop_fountains, hell_entry, kennysheep_pointless_box,
          infiniplex_staircase_star, serial_bayou_shore_b
Depths:4: dpeg_oklob_gauntlet, layout_cave_pools, minmay_room_of_horrors,
          serial_glass, glass_columns_b, glass_columns_c, kennysheep_crisscross,
          pf_hell_entry_tar_river
Depths:5: grunt_twist_and_shout, layout_cave_pools, enter_ziggurat_e,
          hell_entry, abyss_entry_small_statue_room, minmay_misc_feat_five,
          serial_column_ruins, column_ruins_open_tiny, column_ruins_grid_4,
          column_ruins_open_tiny, column_ruins_columns_corner,
          column_ruins_open_small, mu_enter_wizlab_6, grunt_pan_entry_spiral,
          uniq_frederick, uniq_margery, uniq_xtahua
Hell
Zot:1:    layout_concentric_octagons
Zot:2:    gammafunk_dig_for_victory, layout_cathedral_of_symmetry,
          hangedman_zot_decor_slant, drop_trap
Zot:3:    hangedman_zot_vaults_quadrants, layout_concentric_octagons,
          st_small_dragon_hoard_2
Zot:4:    kennysheep_ambush_hall, layout_onion_interference, lemuel_elevator
Zot:5:    layout_misc_corridors

Skill      XL: |  1  2  3  4  5  6  7  8  9 10 11 12 13 14 15 16 17 18 19 20 21 22 23 24 25 26 27 |
---------------+----------------------------------------------------------------------------------+-----
Transmutations | 1 2 3 7 10 | 10.0
Armour         | 1 2 3 4 5 6 8 9 10 | 10.5
Fighting       | 1 2 4 6 8 9 11 13 16 27 | 27.0
Poison Magic   | 4 5 6 7 8 9 10 | 10.0
Maces & Flails | 1 2 3 4 5 6 8 9 12 | 12.0
Spellcasting   | 3 4 5 6 7 8 12 13 14 18 20 | 20.7
Fire Magic     | 2 3 5 7 8 |  8.0
Shields        | 2 3 4 8 14 17 20 21 24 25 | 25.0
Conjurations   | 3 6 7 9 12 | 12.0
Air Magic      | 1 5 12 | 12.0
Earth Magic    | 6 9 |  9.0
Dodging        | 4 5 12 | 12.0
Evocations     | 4 5 8 |  8.7
Translocations | 5 |  5.0
Ice Magic      | 4 8 9 |  9.2
Necromancy     | 1 5 |  5.0
Stealth        | |  2.1

Action                   |  1- 3 |  4- 6 |  7- 9 | 10-12 | 13-15 | 16-18 | 19-21 | 22-24 | 25-27 || total
-------------------------+-------+-------+-------+-------+-------+-------+-------+-------+-------++-------
Melee: Dagger            |    46 |   302 |   331 |       |       |       |       |       |       ||   679
       Kick              |       |       |    62 |   152 |   347 |    56 |       |       |       ||   617
       Flail             |       |       |    46 |   688 |   719 |       |       |       |       ||  1453
       Demon whip        |       |       |       |       |   850 |  1673 |  1681 |  1430 |   427 ||  6061
       Morningstar       |       |       |       |       |       |       |       |       |   214 ||   214
       Staff             |       |       |       |       |       |       |       |       |   105 ||   105
       Headbutt          |       |       |       |       |       |       |       |       |     2 ||     2
Throw: Throwing net      |       |       |       |       |       |     1 |       |       |       ||     1
 Cast: Sting             |    61 |    24 |    12 |     7 |     1 |       |       |       |       ||   105
       Poisonous Vapours |       |     6 |       |     6 |     6 |       |     1 |     2 |       ||    21
       Olgreb's Toxic Ra |       |     4 |    20 |    40 |    35 |    16 |     9 |    14 |       ||   138
       Ignite Poison     |       |       |    13 |    36 |    50 |    12 |    13 |     2 |       ||   126
       Mephitic Cloud    |       |       |       |     3 |     3 |     1 |     9 |     1 |       ||    17
       Bolt of Magma     |       |       |       |    13 |    20 |    10 |    45 |     6 |       ||    94
       Sticky Flame      |       |       |       |     3 |       |       |       |       |       ||     3
       Irradiate         |       |       |       |       |    43 |    46 |    36 |    52 |    31 ||   208
       Sticks to Snakes  |       |       |       |       |     9 |     2 |     7 |     6 |     4 ||    28
       Orb of Destructio |       |       |       |       |       |       |    15 |    36 |    61 ||   112
       Iron Shot         |       |       |       |       |       |       |       |    56 |  1058 ||  1114
       Blink             |       |       |       |       |       |       |       |     1 |     4 ||     5
       Borgnjor's Vile C |       |       |       |       |       |       |       |     4 |    17 ||    21
       Lee's Rapid Decon |       |       |       |       |       |       |       |       |    14 ||    14
       Chain Lightning   |       |       |       |       |       |       |       |       |   112 ||   112
       Spellforged Servi |       |       |       |       |       |       |       |       |     3 ||     3
       Dragon Form       |       |       |       |       |       |       |       |       |     1 ||     1
 Abil: Fly               |       |       |       |       |       |       |     1 |     1 |     1 ||     3
       Stop Flying       |       |       |       |       |       |       |     1 |       |     1 ||     2
Evoke: Wand              |       |       |       |     2 |       |     3 |     3 |     3 |     3 ||    14
       Box of beasts     |       |       |       |       |       |     1 |       |       |       ||     1
  Use: Scroll            |     1 |     6 |     6 |     4 |    14 |    16 |    15 |     9 |    11 ||    82
       Potion            |       |       |     3 |     5 |     1 |       |     2 |     5 |    18 ||    34
 Stab: Sleeping          |       |     5 |     2 |       |       |     1 |     3 |     2 |       ||    13
       Distracted        |       |     1 |       |       |     1 |     1 |     2 |       |     1 ||     6
       Confused          |       |       |       |     1 |     2 |       |     5 |     1 |       ||     9
       Held in net/web   |       |       |       |       |       |     2 |       |       |       ||     2
       Paralysed         |       |       |       |       |       |       |       |       |     3 ||     3
  Eat: Chunk             |     3 |    12 |    18 |    27 |    46 |    17 |    49 |    31 |    54 ||   257
       Ration            |     1 |       |     1 |     6 |     8 |    12 |     3 |    10 |    23 ||    64
Armor: Robe              |    32 |   188 |   215 |    33 |       |       |       |    23 |   513 ||  1004
       Ring mail         |       |       |       |   324 |   659 |       |       |       |       ||   983
       Scale mail        |       |       |       |       |    86 |   430 |   377 |   253 |       ||  1146
Dodge: Dodged            |    63 |   284 |   253 |   416 |   672 |   311 |   307 |   231 |   597 ||  3134
Block: Other             |       |    60 |    93 |   100 |       |       |       |       |       ||   253
       Reflection        |       |       |     5 |     8 |    20 |   154 |   173 |   114 |   100 ||   574
       Buckler           |       |       |       |   216 |   833 |   310 |       |       |       ||  1359
       Tower shield      |       |       |       |       |       |   666 |  1934 |  1375 |  1827 ||  5802
